 Dungeon Crawl Stone Soup version 0.26.1-2-gb8aa6d0cf2 (webtiles) character file.

Game seed: 2567817191589036966

38 vatarom the Caller (level 3, -1/24 HPs)
             Began as a Merfolk Summoner on Feb 17, 2021.
             Slain by an ufetubus (3 damage)
             ... on level 2 of the Dungeon.
             The game lasted 00:03:09 (2784 turns).

vatarom the Caller (Merfolk Summoner)               Turns: 2784, Time: 00:03:10

Health: -1/24      AC:  2    Str:  8    XL:     3   Next: 43%
Magic:  4/6        EV: 13    Int: 14    God:
Gold:   68         SH:  0    Dex: 15    Spells: 6/7 levels left

rFire    . . .     SeeInvis .   d - +0 dagger
rCold    . . .     Faith    +   (no shield)
rNeg     . . .     Spirit   .   a - +0 robe
rPois    .         Reflect  .   (no helmet)
rElec    .         Harm     .   (no cloak)
rCorr    .         Rampage  .   (no gloves)
Will     .....                  (no boots)
Stlth    ++........             c - amulet of faith
HPRegen  0.08/turn              (no ring)
MPRegen  0.10/turn              (no ring)

@: no status effects
A: change form in water, swift swim, stealthy swim
a: no special abilities


You were on level 2 of the Dungeon.
You visited 1 branch of the dungeon, and saw 2 of its levels.

You collected 68 gold pieces.

Inventory:

Hand Weapons
 d - a +0 dagger (weapon)
Missiles
 k - 7 poisoned darts
Armour
 a - a +0 robe (worn)
Jewellery
 c - an amulet of faith (around neck)
Scrolls
 b - a scroll of teleportation {unknown}
 e - a scroll of magic mapping {unknown}
 f - 3 scrolls of identify {unknown}
 g - 2 scrolls of fear {unknown}
Potions
 i - a potion of curing {@q1}


   Skills:
 - Level 2.6 Dodging
 - Level 2.1 Stealth
 + Level 2.5 Spellcasting
 * Level 4.8 Summonings


You had 6 spell levels left.
You knew the following spells:

 Your Spells              Type           Power        Failure   Level
a - Summon Small Mammal   Summ           60%          3%          1

Your spell library contained the following spells:

 Spells                   Type           Power        Failure   Level
 Call Imp                 Summ           15%          4%          2
 Call Canine Familiar     Summ           15%          10%         3
 Summon Guardian Golem    Hex/Summ       8%           26%         3
 Summon Ice Beast         Ice/Summ       8%           63%         4
 Summon Lightning Spire   Summ/Air       8%           63%         4


Dungeon Overview and Level Annotations

Branches:
Dungeon (2/15)

Altars:


Message History

Casting: Summon Small Mammal (safe; 3% risk of failure)
Confirm with . or Enter, or press ? or * to list all spells.
Your bat closely misses the ufetubus. x2; The ufetubus hits your bat.
The ufetubus closely misses your bat.
Your bat misses the ufetubus.
Your bat completely misses the ufetubus.
Your bat barely misses the ufetubus.
The ufetubus barely misses your bat. x2
Your bat barely misses the ufetubus.
Memorise Call Imp, consuming 2 spell levels and leaving 4?
Your bat disappears in a puff of smoke!
Your bat misses the ufetubus. The ufetubus hits your bat.
Your bat dies!
Your bat's corpse disappears in a puff of smoke!
You start memorising the spell.
You continue memorising.
Your rat bites the ufetubus.
You continue memorising.
The ufetubus hits you.
Your memorisation is interrupted.
* * * LOW HITPOINT WARNING * * *
The ufetubus hits you.
You die...

#.##.# ##.###.####.######
#..... ........<# #.#
...#.# ###.###..###.#
#..>...# #..###.# #..#
#.# #..# #.#
######..###.##
#r@.....##...######
#######5#####....#.......
.......h# #.##...###### #
.######.# #.........# #.
#)# #.#.#####.#
##..######.#####.#.# #
#....r.h.........#.#
#...............####.#
#.#...####.####.# #.#


You could see an ufetubus, a jackal and a friendly rat (summoned).

Vanquished Creatures
  A dart slug (D:1)
  A giant cockroach (D:2)
  2 hobgoblins
  6 jackals
  A quokka (D:2)
  A ball python (D:1)
  4 bats
  4 frilled lizards
  A goblin (D:1)
  2 kobolds
  2 rats (D:2)
25 creatures vanquished.

Vanquished Creatures (collateral kills)
  A giant cockroach (D:2)
  4 hobgoblins (D:1)
  2 kobolds (D:1)
  2 bats (D:1)
  2 rats (D:1)
11 creatures vanquished.

Grand Total: 36 creatures vanquished

Notes
Turn   | Place    | Note
-------+----------+-------------------------------------------
     0 | D:1      | vatarom the Merfolk Summoner began the quest for the Orb.
     0 | D:1      | Reached XP level 1. HP: 13/13 MP: 3/3
   873 | D:1      | Reached XP level 2. HP: 13/19 MP: 5/5
  1835 | D:1      | Reached XP level 3. HP: 21/24 MP: 6/6
  2503 | D:2      | Found a faded altar of an unknown god.
  2784 | D:2      | Slain by an ufetubus

Illustrated notes

Levels and vault maps discovered:
D:1:      dpeg_arrival_tiny_a, layout_basic
D:2:      layout_loops_ring, chequers_ecumenical_altar_island

Action                   || total
-------------------------++-------
Melee: Unarmed           ||    32
       Dagger            ||   169
 Cast: Summon Small Mamm ||    27
  Use: Potion            ||     3
 Stab: Sleeping          ||     4
       Distracted        ||     1
Armor: Robe              ||    45
Dodge: Dodged            ||   195
